 Dungeon Crawl Stone Soup version 0.30-a0-900-g23479c02f2 (webtiles) character file.

Game seed: 12806089513810070665

1653 Mickster the Cleaver (level 8, 0/66 HPs)
             Began as a Demigod Fighter on Mar 17, 2023.
             Slain by Maggie
             ... wielding a +0 morningstar of flaming
              (2 damage)
             ... on level 6 of the Dungeon on Mar 19, 2023.
             The game lasted 00:38:10 (4232 turns).

Mickster the Cleaver (Demigod Fighter)              Turns: 4232, Time: 00:38:10

Health: 0/66       AC:  8    Str: 24    XL:     8   Next: 40%
Magic:  10/10      EV: 10    Int: 10    God:
Gold:   281        SH:  5    Dex: 17    Spells: 7/7 levels left

rFire   . . .      SeeInvis .    f - +7 war axe of the Living Dead {freeze, rC+ Str+3}
rCold   + + .      Faith    .    c - +0 buckler
rNeg    . . .      Spirit   .    b - +0 scale mail
rPois   .          Reflect  .    (no helmet)
rElec   .          Rampage  .    (no cloak)
rCorr   +                        p - +0 pair of gloves
Will    .....                    (no boots) Stlth
                                 (no amulet)
HPRegen 0.31/turn                l - ring of resist corrosion
MPRegen 0.12/turn                (no ring)

@: mesmerised
A: high MP 1, forlorn, divine attributes, cold resistance 1, subdued magic 1
a: no special abilities


You were on level 6 of the Dungeon.
You visited 1 branch of the dungeon, and saw 6 of its levels.

You collected 281 gold pieces.

Inventory:

Hand Weapons
 a - a +2 flail of draining
 f - the +7 war axe of the Living Dead (weapon) {freeze, rC+ Str+3}
   (You acquired it on level 1 of the Dungeon)

   Str:       It affects your strength (+3).
   rC:        It protects you from cold.
 k - a +1 hand axe of freezing
 t - a +5 dagger of freezing
 u - a +4 war axe
 w - a +3 scimitar of freezing
Missiles
 e - 5 javelins
 g - 28 stones
 h - 6 atropa-tipped darts
 i - 7 poisoned darts
 m - a silver boomerang (quivered)
Armour
 b - a +0 scale mail (worn)
 c - a +0 buckler (worn)
 j - a +0 ring mail
 p - a +0 pair of gloves (worn)
Magical Staves
 o - a staff of poison
Jewellery
 l - a ring of resist corrosion (left hand)
Wands
 v - a wand of flame (15)
Scrolls
 n - 2 scrolls of identify
 q - a scroll of amnesia
 s - a scroll of silence {unknown}
Potions
 d - a potion of might
 r - 2 potions of brilliance


   Skills:
 * Level 4.3 Fighting
 * Level 8.3 Axes
 + Level 4.6 Armour
 + Level 1.9 Dodging
 + Level 0.5 Stealth
 + Level 3.5 Shields


You had 7 spell levels left.
You didn't know any spells.
Your spell library contained the following spells:

 Spells                   Type           Power      Damage    Failure   Level
 Sandblast                Erth           0%         2d4       71%         1
 Passwall                 Tmut/Erth      0%         N/A       85%         2
 Stone Arrow              Conj/Erth      0%         3d7       97%         3


Dungeon Overview and Level Annotations

Branches:
Dungeon (6/15)
 Temple: D:4-7

Annotations:
D:6 3 runed translucent doors, Maggie; baller8008's ghost, novice OpCj


Innate Abilities, Weirdness & Mutations

You have an increased reservoir of magic. (+10% MP)
You shall have no god before yourself.
Your divine heritage dramatically boosts your attributes as you level up.
Your flesh is cold resistant. (rC+)
Your spells are a little easier to cast, but a little less powerful.


Message History

The sky beast flickers out of sight!
Deactivating autopickup; reactivate with Ctrl-A.
A sky beast appears from thin air!
Reactivating autopickup.
You slice the sky beast!! You freeze the sky beast.
The sky beast is severely wounded.
The sky beast hits you. The sky beast shocks you.
You slice the sky beast!! You freeze the sky beast.
You kill the sky beast!
You see here a sky beast corpse.
A hound comes into view.
Found a snail-covered altar of Cheibriados.
The hound barks!
The hound barely misses you. The hound bites you but does no damage.
You completely miss the hound. The hound bites you but does no damage.
You slash the hound! You freeze the hound.
You kill the hound!
There is a snail-covered altar of Cheibriados here.
Maggie the Vainglorious comes into view.
She is wielding a +0 morningstar of flaming.
Maggie shouts!
Maggie smiles, but it's obviously fake.
Maggie mumbles some strange words.
Maggie attempts to bespell you!
You are mesmerised by Maggie!
Maggie casts a spell.
Maggie draws you further into her thrall.
Found a stone staircase leading up.
Maggie casts a spell at you. The bolt of fire hits you!!
* * * LOW HITPOINT WARNING * * *
You hit Maggie. You freeze Maggie.
Maggie is lightly wounded.
Maggie hits you with a +0 morningstar of flaming!
* * * LOW HITPOINT WARNING * * *
Maggie burns you.
* * * LOW HITPOINT WARNING * * *
Maggie hits you with a +0 morningstar of flaming.
* * * LOW HITPOINT WARNING * * *
Maggie burns you.
You die...

#.. ...# #.# ##..
##.### ##...
####....###....
#.........#....
####.........#....
#............##...
#..#..............
#@...........#####
#@##...._....#####
#.##..............
#.##.P.......####.
#.##.........#
#.##.....P.P.#
#<##...........
#.######.#.#.##.
#.#.#.# .


You could see Maggie (mesmerising).

Vanquished Creatures
  2 sky beasts (D:6)
  2 ice beasts (D:5)
  A black bear (D:6)
  2 ogres
  2 scorpions
  A bullfrog (D:6)
  4 wights (D:6)
  5 hounds
  3 orc priests
  2 iguanas
  A sleepcap (D:5)
  4 orc wizards
  7 gnolls
  6 adders
  A white imp (D:3)
  An ufetubus (D:4)
  A worm (D:2)
  2 dart slugs
  13 orcs
  3 bats
  2 endoplasms (D:4)
  2 giant cockroaches (D:3)
  3 goblins
  3 hobgoblins
  2 jackals (D:1)
  4 kobolds
  3 quokkas
  6 ball pythons
  2 frilled lizards
  6 rats
96 creatures vanquished.

Vanquished Creatures (others)
  29 fungi (D:6)
  2 plants (D:6)
31 creatures vanquished.

Grand Total: 127 creatures vanquished

Notes
Turn   | Place    | Note
-------+----------+-------------------------------------------
     0 | D:1      | Mickster the Demigod Fighter began the quest for the Orb.
     0 | D:1      | Reached XP level 1. HP: 18/18 MP: 3/3
    17 | D:1      | Gained mutation: Your spells are a little easier to cast,
                  | but a little less powerful. [potion of mutation]
    17 | D:1      | Gained mutation: Your flesh is cold resistant. (rC+)
                  | [potion of mutation]
   228 | D:1      | Identified a scroll of acquirement
   229 | D:1      | Acquired the +7 war axe of the Living Dead {freeze, rC+
                  | Str+3}
   382 | D:1      | You fall into a shaft and drop 1 floor!
   432 | D:2      | Reached XP level 2. HP: 26/26 MP: 4/4
   551 | D:2      | Reached skill level 2 in Axes
   928 | D:3      | Reached XP level 3. HP: 30/31 MP: 5/5
  1403 | D:3      | Reached skill level 3 in Axes
  1403 | D:3      | Reached XP level 4. HP: 12/38 MP: 6/6
  1805 | D:3      | Upgraded the game from 0.30-a0-883-g5ad918d77d to
                  | 0.30-a0-900-g23479c02f2
  2114 | D:4      | Reached XP level 5. HP: 41/45 MP: 7/7
  2174 | D:4      | Reached skill level 4 in Axes
  2694 | D:5      | Entered Level 5 of the Dungeon
  2715 | D:5      | Reached skill level 1 in Dodging
  2741 | D:5      | Reached XP level 6. HP: 48/51 MP: 8/8
  2986 | D:5      | Reached skill level 5 in Axes
  3076 | D:5      | Noticed an angel
  3329 | D:5      | Reached XP level 7. HP: 53/57 MP: 9/9
  3494 | D:5      | Reached skill level 6 in Axes
  3776 | D:6      | Found a runed translucent gate.
  3776 | D:6      | Found a runed translucent gate.
  3776 | D:6      | Found a runed translucent gate.
  3782 | D:6      | Noticed a kobold demonologist
  3783 | D:6      | Noticed baller8008's ghost (novice OpCj)
  3827 | D:6      | Reached skill level 7 in Axes
  3841 | D:6      | Reached XP level 8. HP: 13/66 MP: 10/10
  4175 | D:6      | Reached skill level 8 in Axes
  4227 | D:6      | Noticed Maggie
  4232 | D:6      | HP: 2/66 [Maggie/+0 morningstar of flaming (4)]
  4232 | D:6      | Slain by Maggie

Illustrated notes

Levels and vault maps discovered:
D:1:      scummos_arrival_star, layout_basic
D:2:      kennysheep_big_flooded_room, layout_basic
D:3:      layout_loops_cross, nicolae_wu_jian_wuxing_cycle,
          mainiacjoe_overflow_paths
D:4:      layout_basic, hangedman_decor_points, dk_noncrumbling_3,
          hangedman_decor_growths
D:5:      layout_basic, grunt_temple_overflow_order_and_chaos_1,
          kennysheep_little_box, mainiacjoe_overflow_boulevard,
          mainiacjoe_overflow_tiny_flanked, dk_noncrumbling_4, fountainhead
D:6:      layout_loops_ring, mainiacjoe_overflow_cross_hatched,
          gammafunk_ghost_nasty_kobolds, minmay_divided_ellipse, uniq_maggie

Skill      XL: |  1  2  3  4  5  6  7  8 |
---------------+-------------------------+-----
Fighting       | 3 4 |  4.3
Armour         | 3 4 |  4.6
Axes           | 2 3 4 5 7 8 |  8.3
Shields        | 3 |  3.5
Dodging        | 1 |  1.9
Stealth        | |  0.5

Action                     |  1- 3 |  4- 6 |  7- 9 || total
---------------------------+-------+-------+-------++-------
  Melee: War axe           |    60 |    82 |    64 ||   206
    Use: Scroll            |     3 |     1 |       ||     4
         Potion            |     2 |     3 |     1 ||     6
 Armour: Scale mail        |    18 |    46 |    21 ||    85
         Ring mail         |     5 |       |       ||     5
  Dodge: Dodged            |    22 |    45 |    17 ||    84
  Block: Buckler           |    15 |    19 |    15 ||    49

Table legend: (Time is in decaauts)
 A = Elapsed time spent in this place.
 B = Non-inter-level travel time spent in this place.
 C = Inter-level travel time spent in this place.
 D = Time resting spent in this place.
 E = Time spent auto-exploring this place.
 F = Levels seen in this place.
 G = Mean time per level.
                   A        B        C        D        E       F      G
               +--------+--------+--------+--------+--------+-----+--------+
         Total |   4298 |   4101 |    197 |   1485 |      0 |   6 |  716.3 |
       Dungeon |   4298 |   4101 |    197 |   1485 |      0 |   6 |  716.3 |
               +--------+--------+--------+--------+--------+-----+--------+

Top non-repeatable levels by time:
     D:3: 1062 daAuts
     D:5: 1023 daAuts
     D:4: 799 daAuts
     D:6: 534 daAuts
     D:2: 485 daAuts
     D:1: 392 daAuts
